 Dungeon Crawl Stone Soup version 0.26.1-11-gd32895ea62 (webtiles) character file.

Game seed: 1870424235882573054

192 Eitelfritz the Slasher (level 5, -4/40 HPs)
             Began as a Demonspawn Gladiator on May 8, 2021.
             Slain by an ogre
             ... wielding a +0 giant spiked club
              (14 damage)
             ... on level 4 of the Dungeon.
             The game lasted 00:05:22 (3214 turns).

Eitelfritz the Slasher (Demonspawn Gladiator)       Turns: 3214, Time: 00:05:23

Health: -4/40      AC:  7    Str: 15    XL:     5   Next: 42%
Magic:  0/5        EV: 13    Int: 10    God:
Gold:   118        SH:  0    Dex: 14    Spells: 4/4 levels left

rFire    . . .     SeeInvis .   a - +0 long sword
rCold    . . .     Faith    .   (no shield)
rNeg     . . .     Spirit   +   j - +0 ring mail (curse)
rPois    +         Reflect  .   c - +1 helmet
rElec    .         Harm     .   (no cloak)
rCorr    .         Rampage  .   (no gloves)
Will     .....                  (no boots)
Stlth    +.........             (no amulet)
HPRegen  0.13/turn              b - ring of poison resistance
MPRegen  0.18/turn              (no ring)

@: no status effects
A: talons 1, magic shield, magic regeneration, sturdy frame 1
a: no special abilities


You were on level 4 of the Dungeon.
You visited 1 branch of the dungeon, and saw 4 of its levels.

You collected 118 gold pieces.

Inventory:

Hand Weapons
 a - a +0 long sword (weapon)
 o - a +0 flail
Missiles
 d - 3 throwing nets
 i - 4 javelins (quivered)
 l - 20 poisoned darts
Armour
 c - a +1 helmet (worn)
 j - a cursed +0 ring mail (worn)
Jewellery
 b - a ring of poison resistance (left hand)
Scrolls
 e - 2 scrolls of identify
 f - a scroll of remove curse {unknown}
 k - a scroll of teleportation
Potions
 h - 3 potions of curing
 m - a potion of flight
 n - a potion of might


   Skills:
 + Level 2.8 Fighting
 + Level 4.3 Long Blades
 + Level 2.0 Throwing
 + Level 1.5 Armour
 + Level 3.2 Dodging
 + Level 0.4 Stealth


You had 4 spell levels left.
You didn't know any spells.
Your spell library was empty.

Dungeon Overview and Level Annotations

Branches:
Dungeon (4/15)
 Temple: D:4-7

Altars:
Ru


Innate Abilities, Weirdness & Mutations

You have sharp toenails.
When hurt, damage is shared between your health and your magic reserves.
You regenerate magic rapidly.
Your movements are slightly less encumbered by armour. (ER -2)


Message History

Deactivating autopickup; reactivate with Ctrl-A.
You see here a scroll of teleportation.
You hit the ogre. You claw the ogre, but do no damage.
The ogre is moderately wounded.
The ogre hits you with a +0 giant spiked club!
You hit the ogre.
The ogre is moderately wounded.
A sky beast appears from thin air!
Reactivating autopickup.
The ogre closely misses you.
You hit the ogre. You claw the ogre, but do no damage.
The ogre is heavily wounded.
You hit the ogre but do no damage. You claw the ogre.
The ogre is severely wounded.
The ogre hits you with a +0 giant spiked club!
* * * LOW HITPOINT WARNING * * *
You slash the ogre! Your kick misses the ogre.
The ogre is almost dead.
The ogre hits you with a +0 giant spiked club!
You die...

#...#.#[#......#######
._.......####........
# ...#.#.#.# #########
#.##.##.# #.#
#.......# #.#
#.####†####.#.#
#...........#.#
######?######.#
#.YO@†...# ##########


You could see a sky beast and an ogre.

Vanquished Creatures
  A centaur skeleton (D:3)
  A worker ant (D:4)
  Robin (D:2)
  4 adders
  2 worms (D:3)
  3 dart slugs
  A leopard gecko (D:3)
  3 orcs (D:3)
  2 ball pythons (D:3)
  A giant cockroach (D:3)
  15 goblins
  10 hobgoblins
  7 jackals
  3 kobolds
  A quokka (D:3)
  6 bats
  5 frilled lizards
  9 rats
75 creatures vanquished.

Notes
Turn   | Place    | Note
-------+----------+-------------------------------------------
     0 | D:1      | Eitelfritz the Demonspawn Gladiator began the quest for the
                  | Orb.
     0 | D:1      | Reached XP level 1. HP: 16/16 MP: 1/1
   415 | D:1      | Reached skill level 3 in Long Blades
   447 | D:1      | Gained mutation: Your movements are slightly less
                  | encumbered by armour. (ER -2) [demonic ancestry]
   447 | D:1      | Reached XP level 2. HP: 18/22 MP: 2/2
  1233 | D:2      | Gained mutation: You have sharp toenails. [demonic
                  | ancestry]
  1233 | D:2      | Reached XP level 3. HP: 17/27 MP: 3/3
  1639 | D:2      | Noticed Robin
  1690 | D:2      | Killed Robin
  1691 | D:2      | Gained mutation: When hurt, damage is shared between your
                  | health and your magic reserves. [demonic ancestry]
  1691 | D:2      | Reached XP level 4. HP: 12/34 MP: 4/4
  2094 | D:2      | Reached skill level 1 in Armour
  2358 | D:3      | Reached skill level 4 in Long Blades
  2716 | D:3      | Gained mutation: You regenerate magic rapidly. [demonic
                  | ancestry]
  2716 | D:3      | Reached XP level 5. HP: 39/39 MP: 5/5
  3177 | D:4      | Found a sacrificial altar of Ru.
  3199 | D:4      | Noticed a sky beast
  3200 | D:4      | Noticed an ogre
  3214 | D:4      | Slain by an ogre

Illustrated notes

Levels and vault maps discovered:
D:1:      saegor_arrival_simple_e, layout_basic, st_stairs_3,
          serial_park_tiny_1, minivault_11, minmay_box_of_dots
D:2:      layout_basic, uniq_robin
D:3:      layout_basic
D:4:      layout_basic, nicolae_ru_sacrificial_ziggurat, gup_sewer_entry_spiral,
          uniq_blork_the_orc

Skill      XL: |  1  2  3  4 |
---------------+-------------+-----
Long Blades    | 3 4 |  4.3
Throwing       | 2 |  2.0
Dodging        | 3 |  3.2
Armour         | 1 |  1.5
Fighting       | |  2.8
Stealth        | |  0.4

Action                   |  1- 3 |  4- 6 || total
-------------------------+-------+-------++-------
Melee: Long sword        |    84 |    66 ||   150
       Kick              |     8 |    18 ||    26
Throw: Javelin           |     6 |    11 ||    17
  Use: Scroll            |       |     6 ||     6
 Stab: Sleeping          |     1 |     1 ||     2
Armor: Leather armour    |    28 |       ||    28
       Ring mail         |     3 |    25 ||    28
Dodge: Dodged            |    81 |    44 ||   125
       Rpst.: Long sword |    27 |    16 ||    43
